 Dungeon Crawl Stone Soup version 0.30-a0-297-g0ec75d9ef4 (webtiles) character file.

Game seed: 12295131639077403377

8898 Lobster4 the Geomancer (level 11, -4/54 HPs)
             Began as a Gargoyle Earth Elementalist on Oct 19, 2022.
             Was a Priest of Vehumet.
             Slain by a shadow (28 damage)
             ... on level 10 of the Dungeon.
             The game lasted 00:29:55 (9537 turns).

Lobster4 the Geomancer (GrEE)                       Turns: 9537, Time: 00:29:56

Health: -4/54      AC: 16    Str: 15    XL:     11   Next: 38%
Magic:  27/32      EV: 12    Int: 20    God:    Vehumet [***...]
Gold:   549        SH:  0    Dex: 13    Spells: 12/27 levels left

rFire   . . .      SeeInvis .    a - staff of earth
rCold   + . .      Faith    .    (no shield)
rNeg    + . .      Spirit   .    Q - +1 leather armour of Negation {rPois rC+ Str+3 Dex+3}
rPois   ∞          Reflect  .    H - +2 helmet
rElec   +          Harm     .    (no cloak)
rCorr   .          Rampage  .    m - +0 pair of gloves
Will    +....                    (no boots)
Stlth   ++........               r - amulet of the acrobat
HPRegen 0.29/turn                A - ring of magical power
MPRegen 0.23/turn                O - ring of willpower

@: no status effects
A: sickness immunity, AC +8, negative energy resistance 1, electricity
resistance, torment resistance 1, petrification resistance
a: Renounce Religion


You were on level 10 of the Dungeon.
You worshipped Vehumet.
Vehumet was most pleased with you.
You visited 1 branch of the dungeon, and saw 10 of its levels.

You collected 549 gold pieces.

Inventory:

Hand Weapons
 b - a +0 sling
 g - a +0 club
 h - a +0 short sword
 k - a +0 spear
 l - the +5 rapier "Zolam" {holy, rPois}
   (You found it on level 3 of the Dungeon)

   It has been blessed by the Shining One to cause great damage to the undead
   and demons.
   rPois:     It protects you from poison.
 u - a +2 dagger of venom
 M - a +0 arbalest
 N - a +0 shortbow
Missiles
 c - 30 stones
 f - 3 atropa-tipped darts
 U - 12 boomerangs
 V - 3 curare-tipped darts
 W - 14 poisoned darts
Armour
 d - a +0 ring mail
 m - a +0 pair of gloves (worn)
 x - the +2 pair of gloves of the Brewing Gods {rElec rC++ Str-2}
   (You found it on level 2 of the Dungeon)

   Str:       It affects your strength (-2).
   rC:        It greatly protects you from cold.
   rElec:     It insulates you from electricity.
 H - a +2 helmet (worn)
 Q - the +1 leather armour of Negation (worn) {rPois rC+ Str+3 Dex+3}
   (You found it on level 7 of the Dungeon)

   Str:       It affects your strength (+3).
   Dex:       It affects your dexterity (+3).
   rC:        It protects you from cold.
   rPois:     It protects you from poison.
 S - a +2 robe of willpower
Magical Staves
 a - a staff of earth (weapon)
Jewellery
 r - an amulet of the acrobat (around neck)
 A - a ring of magical power (left hand)
 O - a ring of willpower (right hand)
 T - a ring of positive energy
 X - an amulet of regeneration
Wands
 z - a wand of acid (4)
 F - a wand of flame (27)
 J - a wand of charming (14)
Scrolls
 i - a scroll of amnesia {unknown}
 j - 3 scrolls of teleportation
 n - 4 scrolls of immolation
 o - a scroll of acquirement {unknown}
 p - a scroll of blinking {unknown}
 q - a scroll of magic mapping {unknown}
 t - 3 scrolls of noise {unknown}
 w - a scroll of enchant weapon {unknown}
 y - a scroll of torment {unknown}
 C - a scroll of summoning {unknown}
 I - 2 scrolls of fear {unknown}
 K - a scroll of silence {unknown}
 L - a scroll of fog {unknown}
 P - 2 scrolls of identify
 Y - a scroll of enchant armour {unknown}
Potions
 e - 3 potions of cancellation
 s - 4 potions of curing
 v - 5 potions of heal wounds
 B - 2 potions of invisibility
 D - 3 potions of flight
 E - 2 potions of lignification
 G - 2 potions of magic
 R - a potion of berserk rage


   Skills:
 - Level 2.0 Armour
 - Level 2.0 Dodging
 - Level 2.1 Stealth
 + Level 8.8 Spellcasting
 + Level 9.8 Conjurations
 - Level 1.0 Transmutations
 - Level 3.0 Air Magic
 + Level 11.7 Earth Magic
 - Level 3.0 Poison Magic
 + Level 3.6 Evocations


You had 12 spell levels left.
You knew the following spells:

 Your Spells              Type           Power      Damage    Failure   Level
a - Sandblast             Erth           100%       2d20      1%          1
b - Stone Arrow           Conj/Erth      100%       3d13      1%          3
c - Passwall              Tmut/Erth      42%        N/A       1%          2
d - Mephitic Cloud        Conj/Pois/Air  29%        N/A       1%          3
e - Poisonous Vapours     Pois/Air       40%        N/A       1%          2
f - Petrify               Tmut/Erth      51%        N/A       7%          4

Your spell library contained the following spells:

 Spells                   Type           Power      Damage    Failure   Level
 Hailstorm                Conj/Ice       28%        3d8       1%          3
 Dazzling Flash           Conj/Hex       56%        N/A       1%          3
 Arcjolt                  Conj/Air       17%        1d27      5%          5
 Necrotise                Necr           32%        1d5       10%         1
 Slow                     Hex            32%        N/A       10%         1
 Vhi's Electric Charge    Tloc/Air       28%        N/A       16%         3
 Confusing Touch          Hex            8%         N/A       28%         3
 Gell's Gravitas          Tloc           8%         N/A       28%         3
 Teleport Other           Tloc           8%         N/A       28%         3
 Vampiric Draining        Necr           8%         2d6       28%         3
 Silence                  Hex/Air        7%         N/A       82%         5
 Agony                    Necr           8%         N/A       95%         5
 Dispersal                Tloc           4%         N/A       100%        6
 Maxwell's Capacitive Co  Air            10%        ∞         100%        8
 Cigotuvi's Dreadful Rot  Necr/Pois/Air  Unusable   N/A       N/A         2

Dungeon Overview and Level Annotations

Branches:
Dungeon (10/15)            Temple (0/1) D:5            Lair (0/5) D:10
    Orc (0/2) D:9

Altars:
Nemelex Xobeh
Uskayaw
Vehumet
Xom
The Shining One

Shops:
D:2 :([[!   D:3 =

Annotations:
D:4 Pikel


Innate Abilities, Weirdness & Mutations

You are immune to sickness and miasma.
Your stone body is resilient. (AC +8)
You are immune to poison.
You resist negative energy. (rN+)
You are resistant to electric shocks. (rElec)
You are resistant to unholy torment.
You are immune to petrification.


Message History

Confirm with . or Enter, or press ? or * to list all spells.
Aiming: Stone Arrow (safe; 1% risk of failure)
Press: ? - help, Shift-Dir - straight line, f/p - shadow
Aim: a shadow (moderately damaged, 78% to hit)
You feel a surge of power!
The stone arrow hits the shadow!
The shadow is almost destroyed.
The shadow slips into darkness.
The shadow flickers and vanishes!
Deactivating autopickup; reactivate with Ctrl-A.
Casting: Stone Arrow (safe; 1% risk of failure)
Confirm with . or Enter, or press ? or * to list all spells.
You can't see any susceptible monsters within range! (Use Z to cast anyway.)
You miss something.
The shadow strikes at you from the darkness!
Reactivating autopickup.
The shadow slips into darkness.
The shadow flickers and vanishes!
Deactivating autopickup; reactivate with Ctrl-A.
You hit something but do no damage.
The shadow strikes at you from the darkness!
Reactivating autopickup.
You barely miss the shadow.
The shadow is almost destroyed.
The shadow closely misses you.
You completely miss the shadow.
The shadow is almost destroyed.
The shadow barely misses you.
Casting: Stone Arrow (safe; 1% risk of failure)
Confirm with . or Enter, or press ? or * to list all spells.
Aiming: Sandblast (safe; 1% risk of failure)
Press: ? - help, Shift-Dir - straight line, f/p - shadow
Aim: a shadow (almost destroyed, 85% to hit)
You feel a surge of power!
The blast of sand hits the shadow.
The shadow is almost destroyed.
The shadow slips into darkness.
The shadow flickers and vanishes!
Deactivating autopickup; reactivate with Ctrl-A.
The shadow strikes at you from the darkness!
Ouch! That really hurt!
You die...

##### ########################
....# ..........#..........#..
....# ..........#..........#..
....# ..........#..........#..
....# ......{@..#..........#..
##### #####...#.#######....#'# .
.......#..............# .
........#..........)...# .
........#..............# .
........#..............#
################+################
...........................# ....
...........................#.....


There were no monsters in sight!

Vanquished Creatures
  A two-headed ogre (D:10)
  A gargoyle (D:10)
  Maggie (D:7)
  A kobold demonologist (D:10)
  Grinder (D:3)
  Sigmund (D:5)
  A shadow (D:9)
  15 yaks
  Eustachio (D:5)
  A human (D:9)
  4 vampire mosquitoes (D:10)
  A warg (D:8)
  An acid dragon (D:10)
  4 orc warriors
  2 sky beasts
  2 ogres
  5 centaurs
  A lemure (D:3)
  A phantom (D:7)
  5 kobold brigands
  4 necrophages
  2 bullfrogs
  4 scorpions (D:5)
  5 wights (D:9)
  2 howler monkeys
  A crimson imp (D:3)
  6 hounds
  8 orc priests
  Natasha (thrice) (D:3)
  4 iguanas
  15 orc wizards
  2 hell rats (D:10)
  Robin (D:4)
  9 gnolls
  A river rat (D:10)
  4 adders
  3 ufetubi
  A worm (D:5)
  3 dart slugs
  42 orcs
  4 bats
  4 endoplasms
  2 giant cockroaches
  10 goblins
  9 hobgoblins
  2 jackals
  7 kobolds
  4 quokkas
  8 ball pythons
  2 frilled lizards (D:1)
  3 hobgoblin zombies (D:3)
  A kobold zombie (D:3)
  2 orc zombies (D:3)
  3 rats
231 creatures vanquished.

Notes
Turn   | Place    | Note
-------+----------+-------------------------------------------
     0 | D:1      | Lobster4 the Gargoyle Earth Elementalist began the quest
                  | for the Orb.
     0 | D:1      | Reached XP level 1. HP: 10/10 MP: 3/3
   185 | D:1      | Reached skill level 1 in Transmutations
   219 | D:1      | Reached XP level 2. HP: 10/15 MP: 5/5
   357 | D:1      | Learned a level 2 spell: Passwall
   417 | D:1      | Reached skill level 4 in Earth Magic
   418 | D:1      | Reached XP level 3. HP: 9/19 MP: 2/6
  1053 | D:2      | Found Juck's Armour Boutique.
  1065 | D:2      | You fall into a shaft and drop 1 floor!
  1072 | D:3      | Identified the +5 rapier "Zolam" {holy, rPois}
  1125 | D:2      | Found a faded altar of an unknown god.
  1254 | D:2      | Found Kigresui's Distillery.
  1353 | D:2      | Found Boffong's Weapon Shoppe.
  1372 | D:2      | Found Poudullyi's Book Boutique.
  1393 | D:2      | Identified the +2 pair of gloves of the Brewing Gods {rElec
                  | rC++ Str-2}
  1439 | D:2      | Found Koczit's Armour Boutique.
  1519 | D:2      | Noticed a scorpion
  1774 | D:3      | Reached XP level 4. HP: 21/24 MP: 5/8
  1783 | D:3      | Found Zothrut's Jewellery Shoppe.
  1887 | D:3      | Reached skill level 1 in Evocations
  1891 | D:3      | Noticed Grinder
  1958 | D:3      | Learned a level 3 spell: Stone Arrow
  2065 | D:3      | Noticed Natasha
  2069 | D:3      | Killed Natasha
  2070 | D:3      | Reached XP level 5. HP: 28/28 MP: 9/9
  2120 | D:3      | Reached skill level 1 in Conjurations
  2120 | D:3      | Reached skill level 5 in Earth Magic
  2255 | D:3      | Noticed Natasha
  2288 | D:3      | Found a glowing golden altar of the Shining One.
  2290 | D:3      | Killed Natasha
  2291 | D:3      | Reached XP level 6. HP: 32/32 MP: 11/11
  2438 | D:3      | Noticed Natasha
  2442 | D:3      | Killed Natasha
  2448 | D:3      | Killed Grinder
  2449 | D:3      | Reached XP level 7. HP: 21/36 MP: 13/13
  2527 | D:4      | Noticed Robin
  2763 | D:4      | Killed Robin
  2784 | D:4      | Found a hide-covered altar of Uskayaw.
  2832 | D:4      | Reached skill level 6 in Earth Magic
  2834 | D:4      | Reached skill level 1 in Armour
  3065 | D:4      | Noticed Pikel
  3330 | D:4      | Found a radiant altar of Vehumet.
  3334 | D:4      | Became a worshipper of Vehumet
  3359 | D:5      | Entered Level 5 of the Dungeon
  3417 | D:5      | Reached XP level 8. HP: 41/41 MP: 14/14
  3642 | D:5      | Found a staircase to the Ecumenical Temple.
  3671 | D:5      | Reached skill level 7 in Earth Magic
  3673 | D:5      | Reached skill level 5 in Spellcasting
  4004 | D:5      | Noticed Sigmund
  4010 | D:5      | Noticed Eustachio
  4038 | D:5      | Killed Eustachio
  4039 | D:5      | Reached skill level 5 in Conjurations
  4339 | D:5      | Killed Sigmund
  4402 | D:6      | Reached skill level 8 in Earth Magic
  4453 | D:6      | Reached * piety under Vehumet
  4453 | D:6      | Offered knowledge of Foxfire by Vehumet.
  4454 | D:6      | Reached XP level 9. HP: 45/45 MP: 17/17
  5407 | D:7      | Identified the +1 leather armour of Negation {rPois rC+
                  | Str+3 Dex+3}
  5501 | D:7      | Noticed Maggie
  5774 | D:7      | Reached skill level 9 in Earth Magic
  5868 | D:7      | Found a sparkling altar of Nemelex Xobeh.
  5868 | D:7      | Found a shimmering altar of Xom.
  6059 | D:7      | Killed Maggie
  6910 | D:8      | Reached ** piety under Vehumet
  6914 | D:8      | Offered knowledge of Momentum Strike by Vehumet.
  6916 | D:8      | Reached XP level 10. HP: 32/50 MP: 20/20
  7154 | D:9      | Reached skill level 10 in Earth Magic
  7210 | D:9      | Learned a level 3 spell: Mephitic Cloud
  7213 | D:9      | Learned a level 2 spell: Poisonous Vapours
  7218 | D:9      | Learned a level 4 spell: Petrify
  7234 | D:9      | Reached skill level 1 in Poison Magic
  7499 | D:9      | Reached skill level 1 in Air Magic
  7817 | D:9      | Offered knowledge of Searing Ray by Vehumet.
  7954 | D:9      | Found a staircase to the Orcish Mines.
  8043 | D:9      | Reached *** piety under Vehumet
  8442 | D:9      | Reached skill level 11 in Earth Magic
  8480 | D:9      | Reached XP level 11. HP: 52/54 MP: 23/23
  8481 | D:9      | Offered knowledge of Hailstorm by Vehumet.
  8806 | D:10     | Entered Level 10 of the Dungeon
  8806 | D:10     | Noticed a two-headed ogre
  8956 | D:10     | Found a staircase to the Lair.
  8957 | D:10     | Noticed a death yak
  8957 | D:10     | Noticed a death yak
  8958 | D:10     | Noticed a death yak
  9060 | D:10     | Noticed a soul eater
  9099 | D:10     | Killed a two-headed ogre
  9537 | D:10     | Slain by a shadow

Illustrated notes

Levels and vault maps discovered:
D:1:      dpeg_arrival_snail, layout_basic
D:2:      layout_rooms, chequers_ecumenical_altar_island, serial_shops,
          nicolae_shop_bloodbath_and_beyond, shop, nicolae_lakefront_shop,
          nicolae_square_shop, shop, lightli_corner_chamber,
          uniq_crazy_yiuf_cottage
D:3:      layout_basic, nicolae_tso_besieged_by_evil, serial_shops, shop,
          st_stairs_13, uniq_grinder, uniq_natasha
D:4:      layout_loops_ring, mainiacjoe_overflow_alcove_1,
          nicolae_uskayaw_suspiria, uniq_pikel, uniq_robin
D:5:      layout_basic, minmay_temple_entry_overgrown, serial_glass,
          glass_columns_b, glass_columns_b, grunt_ministairs_15, uniq_sigmund,
          uniq_eustachio
D:6:      nicolae_whirlpool, layout_gridville
D:7:      layout_basic, gammafunk_temple_overflow_elements,
          grunt_decor_resistance, uniq_maggie
D:8:      layout_basic
D:9:      layout_big_octagon, erik_orc_4
D:10:     layout_grid_maze, dpeg_lair_monsters

Skill      XL: |  1  2  3  4  5  6  7  8  9 10 |
---------------+-------------------------------+-----
Transmutations | 1 |  1.0
Dodging        | 2 |  2.0
Earth Magic    | 4 5 6 8 9 11 | 11.7
Spellcasting   | 3 4 5 7 8 |  8.8
Evocations     | 1 2 3 |  3.6
Conjurations   | 1 2 3 5 7 9 |  9.8
Armour         | 2 |  2.0
Poison Magic   | 3 |  3.0
Air Magic      | 3 |  3.0
Stealth        | |  2.1

Action                   |  1- 3 |  4- 6 |  7- 9 | 10-12 || total
-------------------------+-------+-------+-------+-------++-------
Melee: Club              |    12 |       |       |       ||    12
       Dagger            |    26 |       |       |       ||    26
       Staff             |     5 |       |     3 |     5 ||    13
Throw: Dart              |       |       |     3 |       ||     3
 Cast: Sandblast         |    25 |    36 |   121 |   115 ||   297
       Stone Arrow       |       |       |    38 |    64 ||   102
  Use: Potion            |       |     1 |     1 |       ||     2
       Scroll            |       |       |     9 |     1 ||    10
 Stab: Sleeping          |     2 |       |       |       ||     2
Armor: Robe              |    16 |     8 |    15 |       ||    39
       Leather armour    |       |       |    11 |    50 ||    61
Dodge: Dodged            |    42 |     7 |    55 |   111 ||   215

Table legend: (Time is in decaauts)
 A = Elapsed time spent in this place.
 B = Non-inter-level travel time spent in this place.
 C = Inter-level travel time spent in this place.
 D = Time resting spent in this place.
 E = Time spent auto-exploring this place.
 F = Levels seen in this place.
 G = Mean time per level.
                   A        B        C        D        E       F      G
               +--------+--------+--------+--------+--------+-----+--------+
         Total |   9744 |   9282 |    462 |    941 |   6085 |  10 |  974.4 |
       Dungeon |   9744 |   9282 |    462 |    941 |   6085 |  10 |  974.4 |
               +--------+--------+--------+--------+--------+-----+--------+

Top non-repeatable levels by time:
     D:9: 1637 daAuts
     D:6: 1182 daAuts
     D:1: 1052 daAuts
     D:8: 1050 daAuts
     D:5: 1026 daAuts
     D:3: 950 daAuts
     D:4: 762 daAuts
     D:7: 757 daAuts
     D:2: 673 daAuts
    D:10: 651 daAuts
